 Dungeon Crawl Stone Soup version 0.29-a0-468-ge57f7f99b4 (webtiles) character file.

Game seed: 5380156337604539749

182499 ders the Sorcerer (level 18, -2/129 HPs)
             Began as a Djinni Conjurer on May 21, 2022.
             Was a Priest of Ashenzari.
             Killed by an exploding fulminant prism (25 damage)
             ... on level 1 of the Swamp.
             The game lasted 01:11:22 (41855 turns).

ders the Sorcerer (Djinni Conjurer)                Turns: 41855, Time: 01:11:23

Health: -2/129     AC: 18    Str: 12    XL:     18   Next: 60%
Gold:   2122       EV:  9    Int: 37    God:    Ashenzari [***...] SH: 17 Dex: 12

rFire   + + .      SeeInvis +   S - staff of air
rCold   x . .      Faith    .   k - +1 kite shield {AC+3}
rNeg    . . .      Spirit   .   x - quicksilver dragon scales
rPois   ∞          Reflect  +   J - +1 hat of the Cursed Suspicion {Int+3, Range, Self} (curse)
rElec   +          Harm     .   s - scarf {shadows}
rCorr   +          Rampage  .   f - +0 pair of gloves of Ashenzari's Autotheism {Self, Fort} (curse)
Will    ++...      Clarity  +   (boots unavailable)
Stlth   +.........              I - amulet "Servitude of Ashenzari" {Reflect SH+5, Evo, Self} (curse)
HPRegen 0.31/turn               M - ring of Curses and Power {Int+6, Self, Evo} (curse)
MPRegen 0.00/turn               a - ring of Jegg {rCorr Str+6}

@: flying
A: sickness immunity, fire resistance 2, cold vulnerability 1, float, innate
caster, HP casting, extra vitality 1
}: 1/15 runes: serpentine
a: Renounce Religion, Shatter the Chains


You were on level 1 of the Swamp.
You worshipped Ashenzari.
Ashenzari was most pleased with you.
You visited 6 branches of the dungeon, and saw 28 of its levels.
You also visited: Sewer, Ossuary and Ice Cave.

You collected 2640 gold pieces.
You spent 518 gold pieces at shops.

Inventory:

Missiles
 i - 327 stones
 r - 3 throwing nets
Armour
 f - the cursed +0 pair of gloves of Ashenzari's Autotheism (worn) {Self, Fort}
   (You found it on level 1 of the Dungeon)

   It has a curse which improves the following skills: Introspection: Fighting
   and Spellcasting.
   Fortitude: Armour and Shields.
 k - a +1 kite shield of protection (worn)
 s - a scarf of shadows (worn)
 x - quicksilver dragon scales (worn)
 J - the cursed +1 hat of the Cursed Suspicion (worn) {Int+3, Range, Self}
   (You took it off Gastronok on level 8 of the Dungeon)

   It has a curse which improves the following skills: Ranged Combat: Slings,
   Bows, Crossbows and Throwing.
   Introspection: Fighting and Spellcasting.
Magical Staves
 n - a staff of earth
 S - a staff of air (weapon)
Jewellery
 a - the ring of Jegg (right hand) {rCorr Str+6}
   (You found it in an ice cave)

   [ring of strength]

   Str:       It affects your strength (+6).
   rCorr:     It protects you from acid and corrosion.
 v - an amulet of regeneration
 B - a ring of willpower
 F - a +6 ring of dexterity
 I - the cursed amulet "Servitude of Ashenzari" (around neck) {Reflect SH+5, Evo, Self}
   (You found it on level 7 of the Dungeon)

   [amulet of reflection]

   It reflects blocked missile attacks.
   SH:        It affects your SH (+5).
   It has a curse which improves the following skills: Evocations: Evocations.
   Introspection: Fighting and Spellcasting.
 M - the cursed ring of Curses and Power (left hand) {Int+6, Self, Evo}
   (You found it on level 8 of the Dungeon)

   [ring of intelligence]

   Int:       It affects your intelligence (+6).
   It has a curse which improves the following skills: Introspection: Fighting
   and Spellcasting.
   Evocations: Evocations.
 Q - a ring of resist corrosion
 R - a +4 ring of protection
 V - a ring of willpower
 Z - a ring of positive energy
Wands
 z - a wand of flame (9)
 G - a wand of paralysis (14)
 H - a wand of polymorph (22)
 L - a wand of iceblast (38)
 N - a wand of acid (12)
 T - a wand of charming (13)
 U - a wand of mindburst (6)
 X - a wand of digging (6)
Scrolls
 c - 5 scrolls of fog
 d - 3 scrolls of blinking
 e - 3 scrolls of poison
 j - 15 scrolls of teleportation
 l - 7 scrolls of magic mapping
 m - 6 scrolls of immolation
 p - 3 scrolls of brand weapon
 t - 3 scrolls of fear
 u - a scroll of summoning
 y - 4 scrolls of enchant weapon
 D - 6 scrolls of vulnerability
 E - 2 scrolls of torment
 K - 5 scrolls of enchant armour
Potions
 b - 11 potions of curing
 g - 5 potions of attraction
 h - 4 potions of brilliance
 o - 2 potions of cancellation
 q - a potion of haste
 w - 2 potions of berserk rage
 A - 10 potions of ambrosia
 C - 4 potions of might
 Y - a potion of resistance


   Skills:
 + Level 7.7(11.6) Fighting
 + Level 7.7(9.4) Armour
 - Level 2.1 Dodging
 - Level 1.5 Stealth
 + Level 7.7(9.4) Shields
 * Level 22.2(25.7) Spellcasting


You had 24 spell levels left.
You knew the following spells:

 Your Spells              Type           Power      Damage    Failure   Level
a - Magic Dart            Conj           100%       1d8       0%          1
b - Sandblast             Erth           100%       2d20      0%          1
c - Dazzling Flash        Conj/Hex       100%       N/A       0%          3
d - Fulminant Prism       Conj/Hex       63%        3d27      0%          4
e - Iskenderun's Mystic   Conj/Tloc      100%       2d19      0%          4
f - Searing Ray           Conj           100%       2d8       0%          2
g - Static Discharge      Conj/Air       100%       N/A       0%          2
h - Scorch                Fire           100%       2d10      0%          2
i - Vampiric Draining     Necr           100%       2d13      0%          3
j - Summon Ice Beast      Ice/Summ       100%       N/A       0%          4
k - Yara's Violent Unrav  Hex/Tmut       63%        3d24      0%          5
l - Conjure Ball Lightni  Conj/Air       75%        3x3d28    0%          6
m - Summon Hydra          Summ           63%        N/A       1%          7
Your spell library was empty.

Dungeon Overview and Level Annotations

Branches:
Dungeon (14/15)            Temple (1/1) D:4            Lair (6/6) D:11
  Swamp (1/4) Lair:4        Snake (4/4) Lair:3        Slime (0/5) Lair:6
    Orc (2/2) D:12            Elf (0/3) Orc:2        Vaults (0/5) D:13
  Sewer (visited)         Ossuary (visited)           IceCv (visited)

Altars:
Ashenzari
Dithmenos
Hepliaklqana
Kikubaaqudgha
Nemelex Xobeh
Okawaru
Qazlal
Sif Muna
Trog
Vehumet
Wu Jian
Xom
Yredelemnul
The Shining One

Shops:
D:11 !   Orc:2 [[**   Snake:2 ::*

Annotations:
Snake:1 2 transporters, dolemite99's ghost, adept BaHu


Innate Abilities, Weirdness & Mutations

You are immune to sickness and miasma.
You are immune to poison.
Your flesh is very heat resistant. (rF++)
You are vulnerable to cold. (rC-)
You float through the air rather than walking.
You learn spells naturally, not from books.
Your magical power is your life essence.
You have superior vitality. (+4 MHP)


Message History

The swamp worm is knocked back by the mystic blast.
The spriggan rider barely misses you.
Casting: Iskenderun's Mystic Blast (safe; 0% risk of failure)
Confirm with . or Enter, or press ? or * to list all spells.
You erupt in a blast of force!
The mystic blast hits the spriggan rider!!
The spriggan rider is severely wounded.
The spriggan rider is knocked back by the mystic blast.
The mystic blast hits the spriggan rider!!
You kill the spriggan rider!
You kill the hornet!
Casting: Iskenderun's Mystic Blast (safe; 0% risk of failure)
Confirm with . or Enter, or press ? or * to list all spells.
Aiming: Fulminant Prism (safe; 0% risk of failure)
Press: ? - help, Dir - move target You conjure a prism of explosive energy!
A fulminant prism comes into view.
The swamp worm fires a harpoon shot at you.
The harpoon shot hits you!
You are yanked forward by the harpoon shot.
The bloated husk explodes!
The blast of putrescent gases engulfs your fulminant prism!!
The blast of putrescent gases engulfs you!!!
The blast of putrescent gases engulfs the swamp worm!!!
The swamp worm dies!
The will-o-the-wisp gestures.
The will-o-the-wisp conjures some foxfire!
Your fulminant prism crackles loudly.
You hear a roar! 2 foxfires come into view.
The foxfire hits you. You resist.
* * * LOW HITPOINT WARNING * * *
The spriggan rider hits you from afar with a +0 spear.
* * * LOW HITPOINT WARNING * * *
The foxfire hits you! You resist.
* * * LOW HITPOINT WARNING * * *
Your fulminant prism explodes!
The blast of energy engulfs the spriggan rider!!!
You kill the spriggan rider!
You kill the hornet!
The blast of energy engulfs you!!
You die...

* ≈ ≈≈ , * *
,,..≈≈≈≈≈≈, ,≈≈ ,
≈ ≈≈...≈≈§≈. ♣≈.
♣≈.≈≈≈≈.....♣♣♣≈..
≈..≈≈≈≈≈...§..≈≈≈
*
≈≈≈≈≈≈.....≈≈§§♣♣
≈ ,
.≈≈≈≈..).♣..§v§.♣
, ≈≈≈..♣♣..≈.§.♣
** ≈≈≈..R..))≈@.♣
* ,
.R§≈.........♣♣ ,
≈ *
.≈.≈≈≈...≈≈≈≈.♣ **
* ,
,.≈♣.≈≈≈..≈≈≈≈.♣
*≈ ≈
.≈♣..≈≈.♣.≈≈≈≈♣* ≈
, ♣♣≈...≈.≈.≈≈♣
,≈≈ ♣♣♣...<.♣♣♣♣
≈≈ ≈ , * ♣≈≈≈≈♣♣ *
≈ , ♣.≈≈.§♣


You could see an eleionoma and a will-o-the-wisp.

Vanquished Creatures
  Rupert (Orc:2)
  Gastronok (D:8)
  Frances (D:14)
  Kirke (D:12)
  2 quicksilver dragons (Snake:4)
  2 azure jellies (IceCv)
  3 nagarajas
  A quicksilver ooze (IceCv)
  A stone giant (D:10)
  Snorg (D:12)
  A fire dragon (Lair:6)
  Josephine (Lair:6)
  11 hydras
  8 salamander tyrants
  2 boulder beetles (D:11)
  An ogre mage (D:13)
  11 anacondas
  2 catoblepae (Lair:6)
  4 centaur warriors
  10 death yaks
  7 naga warriors
  2 tengu warriors
  2 two-headed ogres
  10 naga sharpshooters
  A deep troll earth mage (D:10)
  5 shock serpents
  Sonja (Lair:5)
  5 orc high priests (Orc:2)
  A deep elf knight (D:13)
  3 spriggans (Swamp:1)
  Nergalle (D:12)
  5 skeletal warriors (D:13)
  9 sea snakes
  4 salamander mystics
  4 naga ritualists
  A glowing orange brain (shapeshifter) (D:10)
  A deep troll (D:10)
  A lindwurm (Lair:6)
  A wizard (D:10)
  A deep elf zephyrmancer (D:13)
  3 deep elf pyromancers
  7 orc knights (Orc:2)
  5 ugly things
  3 cyclopes
  4 mana vipers
  A cyclops (shapeshifter) (D:13)
  18 salamanders
  An orc sorcerer (Orc:1)
  36 black mambas
  2 manticores
  2 ice statues (IceCv)
  19 elephants
  12 naga magi
  Maurice (D:9)
  8 guardian serpents
  A torpor snail (Lair:6)
  4 centaur skeletons (D:13)
  13 cane toads
  Joseph (D:7)
  3 molten gargoyles
  5 rime drakes
  2 kobold demonologists
  An efreet (D:13)
  13 komodo dragons
  4 entropy weaver simulacra (IceCv)
  6 trolls
  2 polar bears
  3 meliai (Lair:4)
  A queen bee (Lair:4)
  2 tyrant leeches (Lair:4)
  4 hornets
  3 blink frogs (Lair:5)
  17 slime creatures (IceCv)
  Sigmund (D:4)
  6 wraiths
  3 shadows
  12 wyverns
  7 fire bats (Lair:1)
  35 yaks
  6 basilisks
  6 hogs (D:12)
  3 vampire mosquitoes
  4 steam dragons
  3 wargs (Orc:2)
  Menkaure (D:4)
  A swamp worm (Lair:4)
  31 nagas
  2 demonic crawler simulacra (IceCv)
  An acid dragon (D:11)
  11 water moccasins
  4 hell hounds (Lair:6)
  43 orc warriors
  4 black bears
  10 ogres
  5 centaurs
  7 wolves
  A phantom (D:7)
  7 kobold brigands
  12 bullfrogs
  5 glowing shapeshifter simulacra (IceCv)
  2 gnoll sergeants
  2 scorpions (D:5)
  3 wights (D:8)
  22 killer bees
  6 electric eels
  6 lava snakes
  A centaur zombie (Ossuary)
  5 jellies
  A human zombie (Ossuary)
  2 hounds
  36 orc priests
  Jessica (D:2)
  2 iguanas (D:6)
  19 orc wizards
  5 hell rats (Lair:4)
  2 mummies (Ossuary)
  12 gnolls
  6 adders
  A river rat (Sewer)
  A shadow imp (D:6)
  2 white imps (D:7)
  2 worms (D:2)
  2 dart slugs
  96 orcs
  8 bats
  11 endoplasms
  7 giant cockroaches
  2 gnoll zombies (Ossuary)
  9 goblins
  11 hobgoblins
  5 jackals
  17 kobolds
  6 quokkas
  2 ball pythons
  8 frilled lizards
  A goblin zombie (Ossuary)
  A hobgoblin zombie (Ossuary)
  3 orc zombies
  7 rats
  A rat zombie (D:4)
  A bush (Lair:6)
  8 fulminant prisms
913 creatures vanquished.

Vanquished Creatures (collateral kills)
  4 ball lightnings
4 creatures vanquished.

Vanquished Creatures (others)
  A bloated husk (Swamp:1)
  A human (D:12)
  A swamp worm (Swamp:1)
  72 ball lightnings
  A bush (Lair:6)
  2 foxfires (Swamp:1)
  491 fulminant prisms
  25 fungi
  123 plants
717 creatures vanquished.

Grand Total: 1634 creatures vanquished

Notes
Turn   | Place    | Note
-------+----------+-------------------------------------------
     0 | D:1      | ders the Djinni Conjurer began the quest for the Orb.
     0 | D:1      | Reached XP level 1. HP: 15/15 MP: 0/0
   193 | D:1      | Reached XP level 2. HP: 16/21 MP: 0/0
   538 | D:1      | Reached XP level 3. HP: 19/25 MP: 0/0
   538 | D:1      | Learned a level 1 spell: Sandblast
   772 | D:1      | Reached skill level 4 in Spellcasting
  1283 | D:2      | Reached XP level 4. HP: 28/31 MP: 0/0
  1561 | D:2      | Noticed Jessica
  1566 | D:2      | Killed Jessica
  1713 | D:2      | Reached XP level 5. HP: 32/35 MP: 0/0
  1713 | D:2      | Learned a level 2 spell: Static Discharge
  2326 | D:3      | Found a glowing drain.
  2337 | Sewer    | Entered a sewer
  2526 | Sewer    | Reached skill level 5 in Spellcasting
  3350 | D:3      | Found a faded altar of an unknown god.
  3579 | D:4      | Found a sand-covered staircase.
  3587 | D:4      | Noticed Menkaure
  3594 | Ossuary  | Entered an ossuary
  3804 | Ossuary  | Reached XP level 6. HP: 18/40 MP: 0/0
  4217 | D:4      | Killed Menkaure
  4218 | D:4      | Reached skill level 6 in Spellcasting
  4218 | D:4      | Reached XP level 7. HP: 43/45 MP: 0/0
  4218 | D:4      | Learned a level 2 spell: Scorch
  4359 | D:4      | Found a staircase to the Ecumenical Temple.
  4374 | Temple   | Entered the Ecumenical Temple
  4450 | Temple   | Became a worshipper of Ashenzari the Shackled
  4720 | D:4      | Noticed Sigmund
  4727 | D:4      | Killed Sigmund
  4728 | D:4      | Reached skill level 7 in Spellcasting
  5099 | D:5      | Entered Level 5 of the Dungeon
  5181 | D:5      | Reached XP level 8. HP: 42/50 MP: 0/0
  6166 | D:5      | Reached skill level 8 in Spellcasting
  6985 | D:6      | Reached XP level 9. HP: 32/55 MP: 0/0
  6985 | D:6      | Learned a level 3 spell: Vampiric Draining
  7367 | D:6      | You are sucked into a shaft and drop 1 floor!
  7416 | D:7      | Noticed Joseph
  7427 | D:7      | Killed Joseph
  7428 | D:7      | Reached skill level 9 in Spellcasting
  8034 | D:7      | Reached skill level 10 in Spellcasting
  8661 | D:8      | Reached XP level 10. HP: 50/60 MP: 0/0
  8717 | D:8      | Noticed a two-headed ogre
  8723 | D:8      | Killed a two-headed ogre
  8724 | D:8      | Reached skill level 11 in Spellcasting
  9058 | D:8      | Noticed Gastronok
  9071 | D:8      | Killed Gastronok
  9072 | D:8      | Reached skill level 12 in Spellcasting
  9549 | D:8      | Reached XP level 11. HP: 59/65 MP: 0/0
  9549 | D:8      | Learned a level 4 spell: Summon Ice Beast
 10513 | D:9      | Reached skill level 13 in Spellcasting
 10532 | D:9      | Noticed Maurice
 10538 | D:9      | Killed Maurice
 11081 | D:9      | Found a stormy altar of Qazlal.
 11748 | D:10     | Entered Level 10 of the Dungeon
 11952 | D:10     | Noticed a centaur warrior
 11973 | D:10     | Killed a centaur warrior
 12743 | D:10     | Noticed a brown ugly thing
 12744 | D:10     | Noticed an eight-headed hydra
 12746 | D:10     | Noticed a centaur warrior
 12903 | D:11     | Found Xygukeps's Distillery.
 12906 | D:11     | Bought a potion of heal wounds for 65 gold pieces
 12988 | D:11     | Identified the +6 hand axe "Hoiryhoa" {freeze, Drain Str+4
                  | Stlth+}
 12991 | D:11     | Noticed a purple ugly thing
 13002 | D:11     | Killed a purple ugly thing
 13177 | D:10     | Noticed a glowing orange brain
 13183 | D:10     | Killed a glowing orange brain
 13184 | D:10     | Reached skill level 14 in Spellcasting
 13198 | D:10     | Killed a centaur warrior
 13211 | D:10     | Killed an eight-headed hydra
 13212 | D:10     | Reached XP level 12. HP: 66/70 MP: 0/0
 13242 | D:10     | Noticed a six-headed hydra
 13260 | D:10     | Killed a six-headed hydra
 13320 | D:10     | Noticed a tengu warrior
 13330 | D:10     | Noticed a deep troll earth mage
 13334 | D:10     | Killed a tengu warrior
 13335 | D:10     | Reached skill level 15 in Spellcasting
 13357 | D:10     | Killed a deep troll earth mage
 13387 | D:10     | Noticed a deep troll
 13416 | D:10     | Noticed a stone giant
 13615 | D:10     | Killed a deep troll
 13628 | D:10     | Killed a stone giant
 13803 | D:11     | Noticed a boulder beetle
 13809 | D:11     | Noticed a boulder beetle
 13812 | D:11     | Killed a boulder beetle
 13828 | D:11     | Killed a boulder beetle
 14136 | D:11     | Reached XP level 13. HP: 65/75 MP: 0/0
 14136 | D:11     | Learned a level 5 spell: Yara's Violent Unravelling
 14196 | D:11     | Reached * piety under Ashenzari
 14281 | D:11     | Found a staircase to the Lair.
 14349 | Lair:1   | Entered Level 1 of the Lair of Beasts
 14360 | Lair:1   | Reached skill level 16 in Spellcasting
 14480 | Lair:1   | Noticed a four-headed hydra
 14498 | Lair:1   | Killed a four-headed hydra
 15223 | Lair:2   | Noticed a seven-headed hydra
 15237 | Lair:2   | Reached skill level 17 in Spellcasting
 15280 | Lair:2   | Killed a seven-headed hydra
 15421 | Lair:2   | Reached ** piety under Ashenzari
 16188 | Lair:3   | Noticed a seven-headed hydra
 16193 | Lair:3   | Killed a seven-headed hydra
 16264 | Lair:3   | Reached XP level 14. HP: 51/80 MP: 0/0
 16386 | Lair:3   | Found a staircase to the Snake Pit.
 16483 | Lair:3   | Reached *** piety under Ashenzari
 17077 | Lair:4   | Reached skill level 18 in Spellcasting
 17856 | Lair:4   | Found a staircase to the Swamp.
 18126 | Lair:5   | Noticed Sonja
 18129 | Lair:5   | Killed Sonja
 19004 | Lair:6   | Entered Level 6 of the Lair of Beasts
 19023 | Lair:6   | Noticed Josephine
 19029 | Lair:6   | Killed Josephine
 19030 | Lair:6   | Reached skill level 19 in Spellcasting
 19240 | Lair:6   | Reached XP level 15. HP: 17/85 MP: 0/0
 19240 | Lair:6   | Learned a level 6 spell: Conjure Ball Lightning
 19856 | Lair:6   | Found a staircase to the Slime Pits.
 20276 | Lair:6   | Reached skill level 20 in Spellcasting
 20312 | Lair:6   | Found a large runed translucent door.
 20313 | Lair:6   | Found a large runed translucent door.
 21207 | D:12     | Noticed Kirke
 21212 | D:12     | Killed Kirke
 21220 | D:12     | Noticed Nergalle
 21356 | D:12     | Reached **** piety under Ashenzari
 21361 | D:12     | Noticed Snorg
 21369 | D:12     | Killed Snorg
 21448 | D:12     | Killed Nergalle
 21574 | D:12     | Found a staircase to the Orcish Mines.
 21588 | Orc:1    | Entered Level 1 of the Orcish Mines
 21593 | Orc:1    | Found a frozen archway.
 21623 | IceCv    | Entered an ice cave
 21755 | IceCv    | Identified the Volume of the Frostbite
 22690 | IceCv    | Noticed a quicksilver ooze
 22695 | IceCv    | Killed a quicksilver ooze
 23033 | IceCv    | Noticed an azure jelly
 23043 | IceCv    | Killed an azure jelly
 23044 | IceCv    | Reached XP level 16. HP: 76/91 MP: 0/0
 23056 | IceCv    | Noticed an azure jelly
 23058 | IceCv    | Killed an azure jelly
 23247 | IceCv    | Found a viscous altar of Jiyva.
 23254 | IceCv    | Identified the ring of Jegg {rCorr Str+6}
 23254 | IceCv    | Identified the Reference Book on Snow
 24153 | Orc:2    | Entered Level 2 of the Orcish Mines
 24935 | Orc:2    | Noticed Rupert
 24937 | Orc:2    | Killed Rupert
 25267 | Orc:2    | Reached skill level 21 in Spellcasting
 25371 | Orc:2    | Reached skill level 1 in Fighting
 25371 | Orc:2    | Reached skill level 1 in Shields
 26027 | Orc:2    | Reached skill level 1 in Armour
 26978 | Orc:2    | Found Igoramn's Antique Armour Emporium.
 26980 | Orc:2    | Found Doikiocw's Assorted Antiques.
 26981 | Orc:2    | Found Meoguare's Antique Armour Emporium.
 26982 | Orc:2    | Found Vihegh's Assorted Antiques.
 26986 | Orc:2    | Bought a scroll of blinking for 255 gold pieces
 27432 | Orc:2    | Found a staircase to the Elven Halls.
 30518 | D:13     | Found a gate to the Vaults.
 30539 | D:13     | Found an ornate altar of the Wu Jian Council.
 30695 | D:14     | Noticed Frances
 30700 | D:14     | Killed Frances
 31122 | Snake:1  | Entered Level 1 of the Snake Pit
 31566 | Snake:1  | Reached XP level 17. HP: 106/115 MP: 0/0
 31566 | Snake:1  | Learned a level 7 spell: Summon Hydra
 31617 | Snake:1  | Found a transporter.
 31632 | Snake:1  | Noticed dolemite99's ghost (adept BaHu)
 31650 | Snake:1  | Found a transporter.
 31654 | Snake:1  | Identified the ring "Tumatsyh" {rPois rF+ SInv}
 32428 | Snake:1  | Reached skill level 5 in Armour
 32436 | Snake:1  | Reached skill level 5 in Fighting
 32436 | Snake:1  | Reached skill level 5 in Shields
 33151 | Snake:2  | Found Qehown's Book Shop.
 33154 | Snake:2  | Found Jyzuub's Book Boutique.
 33155 | Snake:2  | Found Oxkiem's Assorted Antiques.
 33162 | Snake:2  | Bought 3 scrolls of teleportation for 198 gold pieces
 33523 | Snake:2  | Found the +2 cloak of the Thief {*Fog Slay-2 SInv Stlth+}
 34971 | Snake:3  | HP: 3/119 [naga sharpshooter/bolt (14)]
 37450 | Snake:4  | Entered Level 4 of the Snake Pit
 37785 | Snake:4  | Reached XP level 18. HP: 64/128 MP: 0/0
 38133 | Snake:4  | Reached skill level 22 in Spellcasting
 40738 | Snake:4  | Noticed a quicksilver dragon
 40739 | Snake:4  | Noticed a quicksilver dragon
 40745 | Snake:4  | Killed a quicksilver dragon
 40748 | Snake:4  | Killed a quicksilver dragon
 41347 | Snake:4  | Got a serpentine rune of Zot
 41834 | Swamp:1  | Entered Level 1 of the Swamp
 41855 | Swamp:1  | Killed by an exploding fulminant prism

Illustrated notes

Levels and vault maps discovered:
D:1:      dpeg_arrival_pits, layout_rooms, minmay_stone_trees_small,
          minivault_27
D:2:      layout_loops_ring, serial_bayou, serial_bayou_crossing,
          serial_bayou_lagoon_a, serial_bayou_pond_a, serial_bayou_ford_a,
          minmay_indecisive_spiral, uniq_jessica
D:3:      layout_basic, gup_sewer_entry_pipe,
          hellmonk_ecumenical_altar_crossroads
D:4:      layout_cave_pools, minmay_temple_entry_glass, enter_ossuary_3,
          minmay_fractal_squares_gapless_5, uniq_menkaure, uniq_sigmund
D:5:      layout_loops_corners
D:6:      layout_basic, minmay_crystal_water, uniq_maggie
D:7:      layout_rooms, uniq_joseph
D:8:      layout_cave_pools, minmay_misc_feat_cross, minmay_fractal_squares_5,
          uniq_gastronok
D:9:      layout_basic, grunt_qazlal_clouds, uniq_maurice
D:10:     minmay_sliced_demisemicircle, layout_basic
D:11:     layout_cave_pods, lair_entry_dummy, serial_shops, shop_statue
D:12:     layout_basic, erik_orc_2, uniq_snorg, uniq_kirke, uniq_nergalle
D:13:     layout_roguey, hangedman_vaults_entry_quadrant_bands,
          nzn_wu_jian_council_hall
D:14:     layout_small_grid, minmay_misc_feat_pillars, uniq_frances, uniq_nessos
Temple:   minmay_crystal_snake_temple
Lair:1:   layout_chaotic_city, beast_lair_carwin_10
Lair:2:   layout_regular_city, lemuel_fruit_tree
Lair:3:   layout_roguey, guppyfry_snake_entry_garden, grunt_megastairs_5
Lair:4:   layout_gridlike, minmay_swamp_entry_worms, special_room
          [special_room_bee]
Lair:5:   layout_regular_city, infiniplex_staircase_pool, grunt_megastairs_2,
          uniq_sonja
Lair:6:   cheibrodos_lair_end_hotspot, layout_big_grid,
          nicolae_slime_entry_slimehenge, nicolae_lair_grazing_beasts
          [nicolae_sub_lair_graze_edge, nicolae_sub_lair_graze_edge,
          nicolae_sub_lair_graze_edge, nicolae_sub_lair_graze_edge],
          uniq_josephine
Swamp:1:  layout_basic_swamp, wheals_swamp_sinkhole
Snake:1:  layout_misc_corridors, gammafunk_ghost_berserking_beasts,
          minmay_snake_pond
Snake:2:  layout_misc_corridors, nicolae_coiled_stairwell_down, minmay_shop_star
Snake:3:  layout_grid_maze, nicolae_snake_snake_lake, grunt_megastairs_3
Snake:4:  hellmonk_snake_rune_quicksilver_temple, layout_layer_cave, basic_altar
Orc:1:    layout_caves, portal_ice_cave_entry_pillars_2
Orc:2:    st_orc_pillars, layout_caves, uniq_rupert

Skill      XL: |  1  2  3  4  5  6  7  8  9 10 11 12 13 14 15 16 17 18 |
---------------+-------------------------------------------------------+-----
Spellcasting   | 4 5 6 7 8 10 12 14 15 17 19 20 21 22 | 22.2
Fighting       | 4 6 7 |  7.7
Shields        | 4 6 7 |  7.7
Armour         | 4 6 7 |  7.7
Dodging        | |  2.1
Stealth        | |  1.5

Action                   |  1- 3 |  4- 6 |  7- 9 | 10-12 | 13-15 | 16-18 || total
-------------------------+-------+-------+-------+-------+-------+-------++-------
Melee: Unarmed           |     8 |     1 |       |       |       |       ||     9
       Staff             |       |       |       |       |     1 |     2 ||     3
 Cast: Magic Dart        |    56 |   135 |    79 |    58 |   130 |   136 ||   594
       Sandblast         |     2 |    14 |    62 |    80 |   141 |    91 ||   390
       Fulminant Prism   |       |       |    19 |    90 |   163 |   227 ||   499
       Iskenderun's Myst |       |       |     2 |    39 |   109 |   182 ||   332
       Static Discharge  |       |       |     1 |       |       |       ||     1
       Conjure Ball Ligh |       |       |       |       |    28 |    16 ||    44
       Yara's Violent Un |       |       |       |       |     1 |    20 ||    21
Invok: Curse Item        |       |       |     1 |       |     5 |     1 ||     7
       Shatter the Chain |       |       |       |       |     1 |     2 ||     3
  Use: Scroll            |       |     2 |       |     9 |     5 |     2 ||    18
       Potion            |       |       |     1 |     5 |     4 |     4 ||    14
Armor: Robe              |       |    10 |     2 |     2 |       |       ||    14
       Troll leather arm |       |       |       |     2 |    19 |       ||    21
       Scale mail        |       |       |       |       |       |    38 ||    38
Dodge: Dodged            |     4 |    19 |    10 |    28 |    39 |    47 ||   147
Block: Other             |       |       |       |     2 |    14 |       ||    16
       Reflection        |       |       |       |     1 |     3 |    23 ||    27
       Buckler           |       |       |       |       |    17 |     8 ||    25
       Kite shield       |       |       |       |       |       |   104 ||   104

Table legend: (Time is in decaauts)
 A = Elapsed time spent in this place.
 B = Non-inter-level travel time spent in this place.
 C = Inter-level travel time spent in this place.
 D = Time resting spent in this place.
 E = Time spent auto-exploring this place.
 F = Levels seen in this place.
 G = Mean time per level.
                   A        B        C        D        E       F      G
               +--------+--------+--------+--------+--------+-----+--------+
         Total |  41840 |  39453 |   2387 |  15177 |  18827 |  31 | 1349.7 |
       Dungeon |  17440 |  16361 |   1079 |   5588 |   8835 |  14 | 1245.7 |
        Temple |    122 |     77 |     45 |      9 |     48 |   1 |  122.0 |
          Lair |   6729 |   6374 |    355 |    998 |   4181 |   6 | 1121.5 |
         Swamp |     20 |     20 |      0 |      0 |      8 |   1 |   20.0 |
     Snake Pit |  10421 |   9614 |    807 |   5183 |   3380 |   4 | 2605.2 |
  Orcish Mines |   4190 |   4091 |     99 |   1694 |   1754 |   2 | 2095.0 |
         Sewer |    546 |    546 |      0 |     99 |    373 |   1 |  546.0 |
       Ossuary |    620 |    620 |      0 |    354 |    182 |   1 |  620.0 |
      Ice Cave |   1746 |   1746 |      0 |   1252 |     66 |   1 | 1746.0 |
               +--------+--------+--------+--------+--------+-----+--------+

Top non-repeatable levels by time:
 Snake:4: 4146 daAuts
   Orc:2: 3002 daAuts
 Snake:3: 2828 daAuts
    D:13: 2071 daAuts
 Snake:1: 1838 daAuts
     D:7: 1798 daAuts
   IceCv: 1746 daAuts
     D:5: 1725 daAuts
    D:10: 1724 daAuts
    D:12: 1709 daAuts
     D:9: 1615 daAuts
 Snake:2: 1608 daAuts
  Lair:6: 1570 daAuts
  Lair:3: 1302 daAuts
    D:11: 1282 daAuts
